 Dungeon Crawl Stone Soup version 0.20.1-1-g8b1a95d (webtiles) character file.

14557 Lanoc the Artisan of Death (level 11, -2/98 HPs)
             Began as a Troll Necromancer on Dec 1, 2017.
             Was a Priest of Kikubaaqudgha.
             Slain by a freezing wraith (3 damage)
             ... led by a death knight
             ... on level 12 of the Dungeon.
             The game lasted 00:50:31 (10682 turns).

Lanoc the Artisan of Death (Troll Necromancer)     Turns: 10682, Time: 00:50:31

Health: -2/98      AC: 12    Str: 18    XL:     11   Next: 90%
Magic:  4/18       EV: 12    Int: 14    God:    Kikubaaqudgha [***...]
Gold:   448        SH:  0    Dex: 10    Spells: 2/21 levels left

rFire    . . .     SeeInvis .     - Unarmed
rCold    . . .     Gourm    +   (no shield)
rNeg     . . .     Faith    .   Q - +2 robe {MR+}
rPois    .         Spirit   .   q - +2 hat
rElec    .         Reflect  .   B - +2 cloak
rCorr    +         Harm     .   (gloves unavailable)
MR       +....                  (boots unavailable)
Stlth    +.........             E - amulet of regeneration
Regen    1.1/turn               f - ring of wizardry
MPRegen  0.2/turn               I - ring of resist corrosion

@: no status effects
A: unfitting armour, claws 3, fast metabolism 3, gourmand, regeneration 1,
shaggy fur 1, tough skin 2
a: Receive Corpses, Renounce Religion


You were on level 12 of the Dungeon.
You worshipped Kikubaaqudgha.
Kikubaaqudgha was most pleased with you.
You were very full.

You visited 2 branches of the dungeon, and saw 13 of its levels.

You collected 448 gold pieces.

Inventory:

Missiles
 e - 2 throwing nets
 j - 2 large rocks
 w - 7 javelins (quivered)
Armour
 q - a +2 hat (worn)
 B - a +2 cloak (worn)
 Q - a +2 robe of magic resistance (worn)
Jewellery
 f - a ring of wizardry (left claw)
 n - an uncursed ring of flight
 E - an amulet of regeneration (around neck)
 I - a ring of resist corrosion (right claw)
Wands
 a - a wand of disintegration (13/24)
 m - a wand of random effects (35/48)
 t - a wand of paralysis (8/24)
 A - a wand of confusion (21/48)
 D - a wand of confusion (30/48)
 G - a wand of random effects (39/48)
 L - a wand of enslavement (10/24)
 O - a wand of iceblast (8/15)
Scrolls
 h - a scroll of acquirement {unknown}
 i - a scroll of recharging {unknown}
 u - 2 scrolls of enchant weapon
 y - 3 scrolls of enchant armour
 F - a scroll of amnesia
 H - a scroll of remove curse
Potions
 l - a potion of magic {unknown}
 p - a potion of resistance
 r - a potion of lignification
 s - a potion of invisibility
 v - 2 potions of might
 x - 3 potions of mutation
Books
 b - a book of Necromancy

   Spells                             Type                      Level
   a - Pain                           Necromancy                   1
   b - Animate Skeleton               Necromancy                   1
   c - Vampiric Draining              Necromancy                   3
   d - Regeneration                   Charms/Necromancy            3
   e - Animate Dead                   Necromancy                   4
   f - Control Undead                 Necromancy                   4
 k - Kikubaaqudgha's Guide on Evil Rituals
   (Kikubaaqudgha gifted it to you on level 12 of the Dungeon)

   Spells                             Type                      Level
   a - Animate Dead                   Necromancy                   4
   b - Excruciating Wounds            Charms/Necromancy            5
   c - Cigotuvi's Embrace             Necromancy                   5
   d - Dispel Undead                  Necromancy                   5
   e - Death Channel                  Necromancy                   6
 K - a book of Cantrips

   Spells                             Type                      Level
   a - Confusing Touch                Hexes                        1
   b - Animate Skeleton               Necromancy                   1
   c - Summon Small Mammal            Summoning                    1
   d - Apportation                    Translocation                1
 N - Kikubaaqudgha's Grimoire of Sinister Rites
   (Kikubaaqudgha gifted it to you on level 9 of the Dungeon)

   Spells                             Type                      Level
   a - Pain                           Necromancy                   1
   b - Corpse Rot                     Necromancy                   2
   c - Sublimation of Blood           Necromancy                   2
   d - Vampiric Draining              Necromancy                   3
   e - Control Undead                 Necromancy                   4
Comestibles
 c - 11 bread rations
 g - 10 chunks of flesh
 o - 10 meat rations


   Skills:
 + Level 3.8 Fighting
 + Level 7.3 Dodging
 - Level 1.0 Stealth
 + Level 8.6 Unarmed Combat
 + Level 5.8 Spellcasting
 * Level 10.3 Necromancy


You had 2 spell levels left.
You knew the following spells:

 Your Spells              Type           Power        Failure   Level  Hunger
a - Dispel Undead         Necr           ####....     2%          5    ######.
b - Animate Skeleton      Necr           N/A          1%          1    None
c - Vampiric Draining     Necr           ####......   1%          3    ###....
d - Control Undead        Necr           ####......   1%          4    ####...
e - Animate Dead          Necr           N/A          1%          4    ####...
f - Sublimation of Blood  Necr           ####......   1%          2    #......


Dungeon Overview and Level Annotations

Branches:
Dungeon (12/15)            Temple (1/1) D:6            Lair (0/6) D:11
    Orc (0/2) D:12

Altars:
Ashenzari
Cheibriados
Dithmenos
Elyvilon
Fedhas
Gozag
Hepliaklqana
Kikubaaqudgha
Makhleb
Nemelex Xobeh
Okawaru
Qazlal
Ru
Sif Muna
Trog
Uskayaw
Vehumet
Xom
Yredelemnul
Zin
The Shining One

Shops:
D:11 :


Innate Abilities, Weirdness & Mutations

You are too large for most types of armour.
You have claws for hands.
Your metabolism is lightning-fast.
You like to eat raw meat.
Your natural rate of healing is unusually fast.
You are covered in fur. (AC +1)
You have very tough skin. (AC +2)


Message History

Your wraith barely misses the death knight.
Your freezing wraith hits the death knight.
Your freezing wraith freezes the death knight!!
Your freezing wraith barely misses the death knight.
You scratch the death knight.
The death knight is almost dead.
The freezing wraith is no longer charmed.
The death knight offers itself to Yredelemnul, and fills with unholy energy.
Your orc priest casts a cantrip, but nothing happens.
Your wraith hits the death knight.
The death knight dies!
Kikubaaqudgha accepts your kill.
Your wraith suffers a backlash!
The freezing wraith hits you.
* * * LOW HITPOINT WARNING * * *
The freezing wraith freezes you!!
* * * LOW HITPOINT WARNING * * *
The freezing wraith hits you.
You die...
Kikubaaqudgha rasps: "You have failed me!
Welcome... death!"

#.!.Z.....##
#####.##...##
##.####...##
##.## ##..>##
##.## ##...#
##.## ##...
###..# ##Z.
###...### ##Z
###..@)W..#
##
##...##Wo#.#
#
#..####o.###
#### #))#
###..# #.#..#
##....#
#.....#
#......#


You could see a freezing wraith, a friendly wraith (unaware), a friendly orc
priest and a friendly orc.

Vanquished Creatures
  Erolcha (D:12)
  6 two-headed ogres
  3 unseen horrors
  The ghost of dxctxrx the Magician, a novice OpWz of Vehumet (D:7)
  An ugly thing (D:11)
  A deep elf mage (D:8)
  A manticore (D:11)
  A cyclops (D:9)
  2 freezing wraiths (D:12)
  A troll (D:10)
  A hippogriff (D:11)
  2 wraiths
  3 yaks (D:11)
  2 orc warriors
  3 sky beasts
  3 ice beasts
  A black bear (D:6)
  An eye of draining (D:11)
  4 ogres
  3 centaurs
  2 big kobolds
  2 bullfrogs
  A wyvern skeleton (D:7)
  4 scorpions
  8 killer bees
  A wight (D:11)
  An electric eel (D:6)
  4 crimson imps
  2 centaur zombies
  2 jellies
  A quasit (D:10)
  3 centaur skeletons
  2 orc priests
  Crazy Yiuf (D:4)
  4 hounds
  3 orc wizards (D:12)
  Jessica (D:3)
  Natasha (D:4)
  2 iguanas
  8 worker ants
  A hound skeleton (D:7)
  Robin (D:4)
  13 adders
  A shadow imp (D:11)
  An adder skeleton (D:7)
  A worm (D:2)
  2 dart slugs
  3 leopard geckos
  17 orcs
  8 giant cockroaches
  5 hobgoblins
  7 jackals
  23 kobolds
  8 quokkas
  2 ball pythons
  2 bats (D:1)
  2 frilled lizards
  17 goblins
  2 jackal zombies (D:1)
  2 rats
  2 butterflies (D:6)
214 creatures vanquished.

Vanquished Creatures (collateral kills)
  A death knight (D:12)
  A centaur skeleton (D:12)
  A redback zombie (D:11)
  A troll (D:12)
  Grinder (D:3)
  A hippogriff (D:11)
  2 ogres
  A howler monkey (D:11)
  2 wights (D:11)
  2 orc wizards (D:11)
  A worker ant (D:6)
  An adder (D:12)
  2 orcs
  A giant cockroach (D:3)
  A goblin (D:3)
  3 jackals (D:6)
22 creatures vanquished.

Grand Total: 236 creatures vanquished

Notes
Turn   | Place    | Note
-------+----------+-------------------------------------------
     0 | D:1      | Lanoc the Troll Necromancer began the quest for the Orb.
     0 | D:1      | Reached XP level 1. HP: 16/16 MP: 1/1
   219 | D:1      | Learned a level 1 spell: Animate Skeleton
   311 | D:1      | Reached XP level 2. HP: 23/24 MP: 3/3
   957 | D:2      | Reached XP level 3. HP: 31/31 MP: 4/4
  1092 | D:2      | Learned a level 3 spell: Vampiric Draining
  1101 | D:2      | Reached skill level 1 in Unarmed Combat
  1492 | D:2      | Reached XP level 4. HP: 39/39 MP: 5/5
  2125 | D:3      | Noticed Jessica
  2128 | D:3      | Killed Jessica
  2178 | D:3      | Found a bloodstained altar of Trog.
  2197 | D:3      | Found a faded altar of an unknown god.
  2358 | D:3      | Reached XP level 5. HP: 44/45 MP: 7/7
  2698 | D:3      | Noticed Grinder
  2721 | D:3      | Killed Grinder
  2721 | D:3      | Reached skill level 4 in Necromancy
  2721 | D:3      | Reached XP level 6. HP: 33/53 MP: 6/8
  2889 | D:4      | Noticed Robin
  2916 | D:4      | Killed Robin
  3026 | D:4      | Reached XP level 7. HP: 43/59 MP: 5/9
  3195 | D:4      | Found a runed door.
  3273 | D:4      | Noticed Crazy Yiuf
  3278 | D:4      | Killed Crazy Yiuf
  3452 | D:4      | Noticed Natasha
  3458 | D:4      | Killed Natasha
  3582 | D:5      | Entered Level 5 of the Dungeon
  3829 | D:5      | Reached skill level 5 in Necromancy
  3838 | D:5      | Learned a level 4 spell: Control Undead
  4245 | D:5      | Reached XP level 8. HP: 50/67 MP: 1/11
  4662 | D:6      | Found a staircase to the Ecumenical Temple.
  4677 | Temple   | Entered the Ecumenical Temple
  4783 | Temple   | Became a worshipper of Kikubaaqudgha
  5114 | D:7      | Learned a level 4 spell: Animate Dead
  5167 | D:7      | Reached skill level 5 in Unarmed Combat
  5569 | D:7      | Found an opulent altar of Gozag.
  5599 | D:7      | Reached skill level 6 in Necromancy
  5733 | D:7      | Noticed dxctxrx's ghost (novice OpWz)
  5753 | D:7      | Killed dxctxrx's ghost
  5753 | D:7      | Reached XP level 9. HP: 74/74 MP: 13/13
  5829 | D:7      | Reached skill level 5 in Dodging
  5953 | D:8      | Noticed a two-headed ogre
  5979 | D:8      | Killed a two-headed ogre
  5979 | D:8      | Reached skill level 7 in Necromancy
  6520 | D:8      | Found a burning altar of Makhleb.
  6520 | D:8      | Noticed a deep elf mage
  6529 | D:8      | Killed a deep elf mage
  6894 | D:9      | Reached * piety under Kikubaaqudgha
  6894 | D:9      | Identified Kikubaaqudgha's Grimoire of Sinister Rites (Kikubaaqudgha gifted it to you on level 9 of the Dungeon)
  6894 | D:9      | Received a gift from Kikubaaqudgha
  6901 | D:9      | Learned a level 2 spell: Sublimation of Blood
  6938 | D:9      | Found a sparkling altar of Nemelex Xobeh.
  6987 | D:9      | Noticed a two-headed ogre
  7027 | D:9      | Killed a two-headed ogre
  7027 | D:9      | Reached skill level 8 in Necromancy
  7027 | D:9      | Reached XP level 10. HP: 44/81 MP: 1/15
  7515 | D:9      | Noticed a cyclops
  7526 | D:9      | Killed a cyclops
  7690 | D:10     | Entered Level 10 of the Dungeon
  8019 | D:10     | Killed an unseen horror
  8019 | D:10     | Reached ** piety under Kikubaaqudgha
  8019 | D:10     | Reached skill level 1 in Fighting
  8019 | D:10     | Reached skill level 5 in Spellcasting
  8592 | D:11     | Noticed a two-headed ogre
  8602 | D:11     | Killed a two-headed ogre
  8602 | D:11     | Reached skill level 9 in Necromancy
  8719 | D:11     | Found Resemm's Book Boutique.
  8721 | D:11     | Noticed a two-headed ogre
  8752 | D:11     | Noticed a two-headed ogre
  8802 | D:11     | Killed a two-headed ogre
  8802 | D:11     | Reached XP level 11. HP: 40/93 MP: 1/17
  8878 | D:11     | Noticed a brown ugly thing
  9162 | D:11     | Killed an unseen horror
  9592 | D:11     | Killed an unseen horror
  9653 | D:11     | Killed a brown ugly thing
  9857 | D:11     | Noticed a two-headed ogre
  9869 | D:11     | Killed a two-headed ogre
  9920 | D:11     | Found a staircase to the Lair.
  9979 | D:11     | Killed a two-headed ogre
  9988 | D:11     | HP: 2/97 [manticore (4)]
 10110 | D:11     | Reached skill level 10 in Necromancy
 10442 | D:12     | Found a staircase to the Orcish Mines.
 10496 | D:12     | Reached *** piety under Kikubaaqudgha
 10496 | D:12     | Identified Kikubaaqudgha's Guide on Evil Rituals (Kikubaaqudgha gifted it to you on level 12 of the Dungeon)
 10496 | D:12     | Received a gift from Kikubaaqudgha
 10518 | D:12     | Learned a level 5 spell: Dispel Undead
 10655 | D:12     | Noticed a death knight
 10658 | D:12     | Noticed Erolcha
 10677 | D:12     | Killed Erolcha
 10682 | D:12     | Killed a death knight
 10682 | D:12     | HP: 1/98 [freezing wraith[a death knight] (22)]
 10682 | D:12     | Slain by a freezing wraith

Skill      XL: |  1  2  3  4  5  6  7  8  9 10 11 |
---------------+----------------------------------+-----
Dodging        | 2 3 4 5 6 7 |  7.3
Unarmed Combat | 1 2 3 4 5 6 7 8 |  8.6
Spellcasting   | 2 3 4 5 |  5.8
Necromancy     | 4 5 6 8 9 10 | 10.3
Fighting       | 2 3 |  3.8
Stealth        | |  1.0

Action                   |  1- 3 |  4- 6 |  7- 9 | 10-12 || total
-------------------------+-------+-------+-------+-------++-------
Melee: Unarmed           |   123 |   149 |   301 |   392 ||   965
       Punch             |       |       |     5 |    20 ||    25
Throw: Javelin           |       |       |     2 |     3 ||     5
       Large rock        |       |       |       |     4 ||     4
 Cast: Animate Skeleton  |     2 |     9 |     7 |    14 ||    32
       Vampiric Draining |       |     5 |    22 |    56 ||    83
       Animate Dead      |       |       |     4 |     5 ||     9
       Control Undead    |       |       |       |    11 ||    11
       Sublimation of Bl |       |       |       |     3 ||     3
       Dispel Undead     |       |       |       |     3 ||     3
Evoke: Wand              |       |       |     1 |       ||     1
  Use: Scroll            |       |       |    14 |    12 ||    26
       Potion            |       |       |       |    10 ||    10
 Stab: Sleeping          |     1 |       |     2 |       ||     3
       Distracted        |       |       |     1 |       ||     1
  Eat: Chunk             |    19 |    15 |    29 |    28 ||    91
       Fruit             |       |       |     2 |     1 ||     3
       Royal jelly       |       |       |       |     4 ||     4
       Bread ration      |       |       |       |     2 ||     2
       Meat ration       |       |       |       |     1 ||     1
Armor: Robe              |    46 |    47 |   124 |   235 ||   452
Dodge: Dodged            |    62 |    72 |   145 |   252 ||   531
